[Event "FIDE World Rapid-ch Open 2018"]
[White "Dubov, Daniil"]
[Black "Carlsen, Magnus"]
[Site "St. Petersburg"]
[Round "11.1"]
[Annotator "ChessBase"]
[Result "1/2-1/2"]
[Date "2018.12.28"]
[WhiteElo "2703"]
[BlackElo "2835"]
[PlyCount "51"]
[TimeControl "900+10"]

1. c4 e6 2. Nf3 d5 3. d4 c6 4. Nbd2 f5 5. g3 Nf6 6. Bg2 Bd6 7. Ne5 0-0 8. 0-0 b6 9. Qc2 Bb7 10. cxd5 cxd5 11. Ndf3 Ne4 12. h4 Nd7 13. Bf4 Ndf6 14. Rac1 Ba6 15. Rfe1 Ng4 16. Qa4 Bb7 17. Ng5 Nxg5 18. Bxg5 Qe8 19. Qxe8 Rfxe8 20. Nxg4 fxg4 21. Bf4 Bxf4 22. gxf4 Rac8 23. Kh2 Kf7 24. Kg3 h5 25. f3 gxf3 26. Bxf3 1/2-1/2

[Event "FIDE World Rapid-ch Open 2018"]
[White "Artemiev, Vladislav"]
[Black "Wang, Hao"]
[Site "St. Petersburg"]
[Round "11.2"]
[Annotator "ChessBase"]
[Result "1/2-1/2"]
[Date "2018.12.28"]
[WhiteElo "2709"]
[BlackElo "2730"]
[PlyCount "44"]
[TimeControl "900+10"]

1. d4 Nf6 2. Bg5 e6 3. Nd2 d5 4. e3 Be7 5. Bd3 b6 6. c3 Bb7 7. Ngf3 Nbd7 8. Qb1 h6 9. Bh4 Nh5 10. Bxe7 Qxe7 11. 0-0 Nhf6 12. Ne5 Nxe5 13. dxe5 Nd7 14. f4 0-0 15. Nf3 Nc5 16. Bh7+ Kh8 17. Bc2 Ne4 18. Qd1 c5 19. Qe2 a5 20. Bd3 Rad8 21. Rad1 Bc6 22. Qe1 Kg8 1/2-1/2

[Event "FIDE World Rapid-ch Open 2018"]
[White "Nepomniachtchi, Ian"]
[Black "Yu, Yangyi"]
[Site "St. Petersburg"]
[Round "11.3"]
[Annotator "ChessBase"]
[Result "0-1"]
[Date "2018.12.28"]
[WhiteElo "2763"]
[BlackElo "2764"]
[PlyCount "118"]
[TimeControl "900+10"]

1. Nf3 d5 2. e3 Nf6 3. c4 e6 4. Nc3 Be7 5. b3 0-0 6. Bb2 dxc4 7. Bxc4 c5 8. h4 a6 9. Qb1 b5 10. Be2 Bb7 11. Ng5 Nbd7 12. Bf3 Bxf3 13. Nxf3 Rc8 14. Ne2 c4 15. 0-0 Nc5 16. bxc4 bxc4 17. Bd4 Nfe4 18. h5 h6 19. Qc2 Nd3 20. Qa4 Qd5 21. Rab1 Qxh5 22. Qxa6 Nxd2 23. Nxd2 Qxe2 24. Nxc4 Nxf2 25. Rb7 Bh4 26. Rxf7 Rxf7 27. Qxc8+ Kh7 28. Qxe6 Nh3+ 29. Kh2 Qxf1 30. Qe4+ Kg8 31. Qe8+ Kh7 32. Qe4+ Kg8 33. Qe8+ Rf8 34. Qe6+ Qf7 35. Qxf7+ Kxf7 36. Kxh3 Bf6 37. Bc5 Ra8 38. a3 Ke6 39. Bb4 Be7 40. Bxe7 Kxe7 41. Kg3 Ra4 42. Nd2 Rxa3 43. Kf3 Ke6 44. Ne4 Ke5 45. g4 Ra8 46. Nf2 Rf8+ 47. Kg3 Kd5 48. Kg2 Kc4 49. Kg3 Kc3 50. g5 hxg5 51. Ne4+ Kd3 52. Nc5+ Kxe3 53. Ne6 Rf1 54. Kg2 Re1 55. Nxg7 Kf4 56. Nh5+ Kg4 57. Nf6+ Kh4 58. Nd5 Re2+ 59. Kf3 Re5 0-1

[Event "FIDE World Rapid-ch Open 2018"]
[White "Andreikin, Dmitry"]
[Black "Matlakov, Maxim"]
[Site "St. Petersburg"]
[Round "11.4"]
[Annotator "ChessBase"]
[Result "1/2-1/2"]
[Date "2018.12.28"]
[WhiteElo "2719"]
[BlackElo "2700"]
[PlyCount "31"]
[TimeControl "900+10"]

1. d4 Nf6 2. c4 e6 3. Nf3 d5 4. e3 Be7 5. Nc3 0-0 6. b3 c5 7. Bb2 cxd4 8. Nxd4 a6 9. a3 dxc4 10. Bxc4 b5 11. Be2 Bb7 12. Bf3 Qb6 13. Bxb7 Qxb7 14. Qf3 Qxf3 15. gxf3 Rc8 16. Ke2 1/2-1/2

[Event "FIDE World Rapid-ch Open 2018"]
[White "Oparin, Grigoriy"]
[Black "Korobov, Anton"]
[Site "St. Petersburg"]
[Round "11.5"]
[Annotator "ChessBase"]
[Result "0-1"]
[Date "2018.12.28"]
[WhiteElo "2613"]
[BlackElo "2698"]
[PlyCount "130"]
[TimeControl "900+10"]

1. Nf3 d5 2. g3 g6 3. c4 d4 4. b4 Bg7 5. d3 e5 6. Bg2 Ne7 7. 0-0 0-0 8. a4 a5 9. b5 c5 10. Ra2 Nd7 11. e3 dxe3 12. fxe3 e4 13. dxe4 Ne5 14. Nxe5 Bxe5 15. Bb2 Bxb2 16. Rxb2 Be6 17. Qb3 Qc7 18. Qc3 Nc8 19. Nd2 Nb6 20. Ra2 Rfd8 21. e5 h5 22. Raa1 Rab8 23. Rf2 Kg7 24. Ne4 Nd7 25. Nd6 Kg8 26. Rd1 b6 27. Rdd2 Nf8 28. Bd5 Rd7 29. Ne4 Re7 30. Nf6+ Kg7 31. e4 Rd8 32. Rfe2 Nd7 33. Bxe6 Rxe6 34. Nxd7 Rxd7 35. Rxd7 Qxd7 36. Rd2 Qe7 37. Rd5 h4 38. Kg2 Qg5 39. Kh3 hxg3 40. hxg3 Qh5+ 41. Kg2 Qe2+ 42. Kg1 Qxe4 43. Kf2 g5 44. Qe3 Qf5+ 45. Qf3 Qc2+ 46. Qe2 Qh7 47. Qe3 Qg6 48. g4 Qc2+ 49. Qe2 Qxa4 50. Rd6 Qa1 51. Rxe6 fxe6 52. Qe3 Qb2+ 53. Kg1 Qb1+ 54. Kg2 Kg6 55. Qf3 Qb2+ 56. Kh3 Qxe5 57. Qc6 a4 58. Qe8+ Kh6 59. Qf8+ Qg7 60. Qd6 Qf6 61. Qxb6 a3 62. Qa6 Qf3+ 63. Kh2 Qe2+ 64. Kh3 a2 65. Qa8 Qf1+ 0-1

[Event "FIDE World Rapid-ch Open 2018"]
[White "Giri, Anish"]
[Black "Salem, A.R. Saleh"]
[Site "St. Petersburg"]
[Round "11.6"]
[Annotator "ChessBase"]
[Result "1-0"]
[Date "2018.12.28"]
[WhiteElo "2783"]
[BlackElo "2660"]
[PlyCount "77"]
[TimeControl "900+10"]

1. e4 c5 2. Nf3 d6 3. Bb5+ Nd7 4. a4 Ngf6 5. Nc3 a6 6. Be2 b6 7. d4 cxd4 8. Qxd4 Bb7 9. 0-0 e5 10. Qe3 Be7 11. Nd2 0-0 12. Rd1 Qc7 13. Nc4 Nc5 14. f3 Rfd8 15. b4 Ncd7 16. Ba3 Rab8 17. b5 Nc5 18. Bxc5 dxc5 19. bxa6 Bxa6 20. Nb5 Bxb5 21. axb5 Nh5 22. g3 g6 23. Qa3 Rxd1+ 24. Rxd1 Rd8 25. Rxd8+ Bxd8 26. Qa8 Nf6 27. Nxe5 Qxe5 28. Qxd8+ Kg7 29. Qd2 h5 30. Kg2 h4 31. Qd3 g5 32. c3 Nh5 33. Qd5 Qe7 34. f4 Nf6 35. Qxg5+ Kf8 36. Qh6+ Ke8 37. Qh8+ Kd7 38. e5 Nd5 39. Bg4+ 1-0

[Event "FIDE World Rapid-ch Open 2018"]
[White "Anton Guijarro, David"]
[Black "Anand, Viswanathan"]
[Site "St. Petersburg"]
[Round "11.7"]
[Annotator "ChessBase"]
[Result "1/2-1/2"]
[Date "2018.12.28"]
[WhiteElo "2642"]
[BlackElo "2773"]
[PlyCount "48"]
[TimeControl "900+10"]

1. e4 e5 2. Nf3 Nc6 3. Bc4 Bc5 4. c3 Nf6 5. d4 exd4 6. e5 d5 7. Bb5 Ne4 8. cxd4 Bb6 9. Nc3 0-0 10. Be3 f6 11. Qb3 Ba5 12. exf6 Nxf6 13. Bxc6 bxc6 14. Ne5 Qd6 15. 0-0 c5 16. Na4 c4 17. Qc2 Ng4 18. Nxg4 Bxg4 19. Bd2 Bb6 20. Nxb6 axb6 21. f3 Bf5 22. Qc3 Bd3 23. Rfe1 Rfe8 24. a3 h6 1/2-1/2

[Event "FIDE World Rapid-ch Open 2018"]
[White "Gelfand, Boris"]
[Black "Saric, Ivan"]
[Site "St. Petersburg"]
[Round "11.8"]
[Annotator "ChessBase"]
[Result "1-0"]
[Date "2018.12.28"]
[WhiteElo "2673"]
[BlackElo "2695"]
[PlyCount "97"]
[TimeControl "900+10"]

1. d4 Nf6 2. c4 e6 3. Nf3 d5 4. g3 Bb4+ 5. Bd2 Be7 6. Bg2 0-0 7. 0-0 c6 8. Qc2 Nbd7 9. Rc1 a5 10. a3 b6 11. cxd5 cxd5 12. Nc3 Ba6 13. Qa4 Ne4 14. Nb5 Bxb5 15. Qxb5 Nd6 16. Qd3 a4 17. Bf4 Nc4 18. Rxc4 dxc4 19. Qxc4 Qc8 20. Qd3 Qa6 21. Qxa6 Rxa6 22. Rc1 Ra7 23. Ne1 Bf6 24. Bd6 Rd8 25. Nf3 g5 26. g4 Nf8 27. Rc6 Rad7 28. Bxf8 Kxf8 29. e3 Rb8 30. Bf1 b5 31. Nd2 Be7 32. Ne4 b4 33. Ra6 f5 34. gxf5 exf5 35. Ng3 f4 36. Nf5 fxe3 37. fxe3 bxa3 38. bxa3 Bxa3 39. Rxa4 Be7 40. Ra6 Rb1 41. Kg2 Rb2+ 42. Kg3 Bd8 43. Ra8 Kf7 44. Bd3 h5 45. h3 Bc7+ 46. Kf3 Rh2 47. Bc4+ Kg6 48. Ra6+ Kxf5 49. Bd3# 1-0

[Event "FIDE World Rapid-ch Open 2018"]
[White "Mamedyarov, Shakhriyar"]
[Black "Timofeev, Artyom"]
[Site "St. Petersburg"]
[Round "11.9"]
[Annotator "ChessBase"]
[Result "1-0"]
[Date "2018.12.28"]
[WhiteElo "2817"]
[BlackElo "2589"]
[PlyCount "109"]
[TimeControl "900+10"]

1. d4 d5 2. c4 dxc4 3. Nf3 Nf6 4. Qa4+ c6 5. Qxc4 g6 6. g3 Be6 7. Qa4 Nbd7 8. Bg2 Nb6 9. Qd1 Bg7 10. 0-0 0-0 11. Re1 Qc8 12. e4 Bh3 13. Qc2 Bxg2 14. Kxg2 Nfd7 15. a4 a5 16. Be3 Qc7 17. Na3 Qd6 18. b3 Rfd8 19. Red1 e6 20. h4 Qe7 21. Bg5 f6 22. Be3 f5 23. Nc4 fxe4 24. Qxe4 Nf6 25. Qc2 Nbd5 26. Bg5 Rf8 27. Re1 Nb4 28. Qe2 h6 29. Bf4 Rad8 30. Qxe6+ Qxe6 31. Rxe6 Nfd5 32. Be5 Kf7 33. Bxg7 Kxg7 34. Nxa5 Nc2 35. Rc1 Rxf3 36. Rxc2 Rf7 37. Nc4 Re7 38. Rce2 Kf7 39. Rxe7+ Nxe7 40. Re4 Nf5 41. Ne5+ Kf6 42. Ng4+ Kf7 43. Ne5+ Kf6 44. Nf3 g5 45. hxg5+ hxg5 46. Kf1 Ng7 47. Ke2 Ne6 48. Ke3 c5 49. Kd3 cxd4 50. b4 Ra8 51. a5 Nc7 52. Nxd4 Rc8 53. Nb3 Nd5 54. Rc4 Rd8 55. Ke4 1-0

[Event "FIDE World Rapid-ch Open 2018"]
[White "Nakamura, Hikaru"]
[Black "Duda, Jan-Krzysztof"]
[Site "St. Petersburg"]
[Round "11.10"]
[Annotator "ChessBase"]
[Result "1/2-1/2"]
[Date "2018.12.28"]
[WhiteElo "2746"]
[BlackElo "2738"]
[PlyCount "163"]
[TimeControl "900+10"]

1. Nf3 Nf6 2. b3 b6 3. Bb2 Bb7 4. g3 g6 5. Bg2 Bg7 6. d4 0-0 7. c4 c5 8. dxc5 bxc5 9. 0-0 d6 10. Nc3 Nbd7 11. Qc2 Rb8 12. Rad1 Ne4 13. Na4 Bxb2 14. Nxb2 Qa5 15. Rc1 Nef6 16. Nd3 Qb6 17. Bh3 a5 18. Nd2 Qc6 19. f3 a4 20. e4 axb3 21. axb3 Ra8 22. Nb1 Rfb8 23. Nc3 Qc7 24. Ra1 Bc6 25. Rxa8 Rxa8 26. Rb1 Nf8 27. Nd5 Nxd5 28. exd5 Bd7 29. Bxd7 Qxd7 30. Kg2 Qf5 31. Rb2 e6 32. Nf4 Qxc2+ 33. Rxc2 Kg7 34. Rd2 Ra6 35. dxe6 Nxe6 36. Ne2 Ra3 37. Rb2 h5 38. f4 Kf6 39. Kf3 Ra1 40. Rd2 Ke7 41. Rd3 Rh1 42. Kg2 Rb1 43. Kf3 Rb2 44. h3 Kd7 45. Re3 Nd8 46. f5 Nc6 47. fxg6 fxg6 48. Kf4 Na5 49. Kg5 Nxb3 50. Nf4 Nd2 51. Nxg6 Nxc4 52. Re7+ Kc6 53. Kxh5 d5 54. Re8 d4 55. Rc8+ Kd6 56. Rd8+ Kc7 57. Rd5 Rb5 58. Nf4 Ne3 59. Rg5 Kb6 60. Rg6+ Ka5 61. Rd6 Nf5 62. Rd8 Nxg3+ 63. Kg4 Ne4 64. h4 Rb7 65. h5 Kb4 66. h6 Kc3 67. Kf5 Ng3+ 68. Kg4 Ne4 69. Kf5 Ng3+ 70. Ke5 Rh7 71. Rd6 Rh8 72. Ra6 d3 73. Ra3+ Kc2 74. Rxd3 Ne2 75. Rd6 Nxf4 76. Kxf4 c4 77. Rc6 c3 78. Kg5 Kd2 79. Kg6 c2 80. Kg7 Rxh6 81. Rxc2+ Kxc2 82. Kxh6 1/2-1/2

[Event "FIDE World Rapid-ch Open 2018"]
[White "Karjakin, Sergey"]
[Black "Zubov, Alexander"]
[Site "St. Petersburg"]
[Round "11.11"]
[Annotator "ChessBase"]
[Result "1/2-1/2"]
[Date "2018.12.28"]
[WhiteElo "2753"]
[BlackElo "2597"]
[PlyCount "88"]
[TimeControl "900+10"]

1. e4 Nc6 2. d4 e5 3. dxe5 Nxe5 4. Nc3 Nc6 5. Bc4 Bb4 6. Nge2 d6 7. 0-0 Nge7 8. Bg5 h6 9. Bh4 Bc5 10. Na4 Bb6 11. Nxb6 axb6 12. f4 Be6 13. Bb5 f6 14. Nd4 Qd7 15. Nxe6 Qxe6 16. Qh5+ g6 17. Qe2 0-0-0 18. Rad1 g5 19. Bg3 Kb8 20. Bc4 Qc8 21. fxg5 fxg5 22. Rf6 Rdf8 23. Rdf1 Rxf6 24. Rxf6 h5 25. h3 Ne5 26. Bxe5 dxe5 27. Qd2 g4 28. Be6 Qe8 29. hxg4 hxg4 30. Bxg4 Qa4 31. Rh6 Rf8 32. Bf3 Nc6 33. c3 Rd8 34. Qf2 Qxa2 35. Kh2 Rf8 36. Qd2 Rd8 37. Qf2 Rf8 38. Rh5 Qb1 39. Qd2 Rd8 40. Qf2 Qc1 41. Bg4 Qb1 42. Qe2 Qc1 43. Qf2 Qb1 44. Qe2 Qc1 1/2-1/2

[Event "FIDE World Rapid-ch Open 2018"]
[White "Harikrishna, Pentala"]
[Black "Petrosian, Tigran L."]
[Site "St. Petersburg"]
[Round "11.12"]
[Annotator "ChessBase"]
[Result "0-1"]
[Date "2018.12.28"]
[WhiteElo "2725"]
[BlackElo "2598"]
[PlyCount "98"]
[TimeControl "900+10"]

1. e4 d6 2. d4 Nf6 3. Nc3 c6 4. Nf3 Qa5 5. Bd2 e5 6. Nd5 Qd8 7. Nxf6+ Qxf6 8. Bg5 Qg6 9. dxe5 Qxe4+ 10. Be2 h6 11. Bh4 Bg4 12. Bg3 dxe5 13. Nxe5 Qxg2 14. Rf1 Be6 15. Bf3 Qh3 16. Qe2 Bb4+ 17. c3 Be7 18. 0-0-0 0-0 19. Bg4 Bxg4 20. Nxg4 Re8 21. Bf4 Na6 22. Rd3 Qh4 23. Re3 Nc5 24. Rg1 Ne6 25. Bxh6 Bg5 26. Bxg5 Qxg5 27. Qf3 Kf8 28. Qh3 Rad8 29. Rge1 Kg8 30. Kb1 Qf5+ 31. Ka1 Qc2 32. Qf3 Rd2 33. Rb1 Red8 34. Nh6+ gxh6 35. Rxe6 Rd1 36. Re8+ Kg7 37. Qg4+ Qg6 38. Qxd1 Rxe8 39. Qd4+ Kh7 40. Qxa7 b5 41. a3 Re2 42. Rd1 Qf5 43. Rf1 c5 44. Qb7 b4 45. axb4 cxb4 46. Qxb4 Re6 47. b3 Qc2 48. Qc4 Re7 49. Qd4 Re2 0-1

[Event "FIDE World Rapid-ch Open 2018"]
[White "Kamsky, Gata"]
[Black "Sargissian, Gabriel"]
[Site "St. Petersburg"]
[Round "11.13"]
[Annotator "ChessBase"]
[Result "1/2-1/2"]
[Date "2018.12.28"]
[WhiteElo "2666"]
[BlackElo "2689"]
[PlyCount "71"]
[TimeControl "900+10"]

1. e4 e5 2. Nf3 Nc6 3. Nc3 Nf6 4. d4 exd4 5. Nxd4 Bb4 6. Nxc6 bxc6 7. Bd3 0-0 8. 0-0 d5 9. exd5 cxd5 10. h3 c6 11. Qf3 Rb8 12. Bf4 Bd6 13. b3 Qc7 14. Bxd6 Qxd6 15. Na4 Be6 16. Rad1 c5 17. c4 d4 18. Rfe1 Bd7 19. Nb2 Bc6 20. Qf5 Rfe8 21. Bc2 g6 22. Qg5 Kg7 23. f3 h6 24. Qh4 a5 25. Nd3 Bd7 26. Qf2 Bf5 27. Nb2 Bxc2 28. Qxc2 Nh5 29. Qd2 Nf4 30. h4 Ra8 31. Kf2 Rad8 32. Rxe8 Rxe8 33. Re1 Rxe1 34. Qxe1 d3 35. Qc3+ Kg8 36. g3 1/2-1/2

[Event "FIDE World Rapid-ch Open 2018"]
[White "Alekseenko, Kirill"]
[Black "Svidler, Peter"]
[Site "St. Petersburg"]
[Round "11.14"]
[Annotator "ChessBase"]
[Result "0-1"]
[Date "2018.12.28"]
[WhiteElo "2638"]
[BlackElo "2737"]
[PlyCount "56"]
[TimeControl "900+10"]

1. d4 Nf6 2. c4 g6 3. Nc3 d5 4. cxd5 Nxd5 5. e4 Nxc3 6. bxc3 Bg7 7. Qa4+ Qd7 8. Bb5 c6 9. Be2 0-0 10. Qa3 b6 11. Nf3 c5 12. d5 e6 13. Be3 exd5 14. Rd1 Re8 15. exd5 Qd6 16. 0-0 Bf5 17. Rfe1 Nd7 18. Nd4 Be5 19. Nb5 Bxh2+ 20. Kh1 Qe5 21. Bf3 a6 22. Bc1 Qf6 23. Kxh2 axb5 24. Qb2 Ne5 25. Be2 Bg4 26. Qxb5 Qxf2 27. Kh1 Nf3 28. gxf3 Rxe2 0-1

[Event "FIDE World Rapid-ch Open 2018"]
[White "Guseinov, Gadir"]
[Black "Alekseev, Evgeny"]
[Site "St. Petersburg"]
[Round "11.15"]
[Annotator "ChessBase"]
[Result "1/2-1/2"]
[Date "2018.12.28"]
[WhiteElo "2664"]
[BlackElo "2639"]
[PlyCount "25"]
[TimeControl "900+10"]

1. e4 c5 2. Nc3 e6 3. Nf3 d6 4. d4 cxd4 5. Nxd4 a6 6. g3 Nf6 7. Bg2 Be7 8. 0-0 0-0 9. f4 Nc6 10. Be3 Qc7 11. Kh1 Rb8 12. Nb3 b5 13. a3 1/2-1/2

[Event "FIDE World Rapid-ch Open 2018"]
[White "Jakovenko, Dmitry"]
[Black "Goganov, Aleksey"]
[Site "St. Petersburg"]
[Round "11.16"]
[Annotator "ChessBase"]
[Result "1/2-1/2"]
[Date "2018.12.28"]
[WhiteElo "2735"]
[BlackElo "2612"]
[PlyCount "80"]
[TimeControl "900+10"]

1. d4 d5 2. c4 c6 3. Nc3 Nf6 4. e3 e6 5. Nf3 Nbd7 6. Qc2 Bd6 7. Bd3 dxc4 8. Bxc4 0-0 9. 0-0 b5 10. Bd3 Bb7 11. e4 e5 12. dxe5 Nxe5 13. Nxe5 Bxe5 14. h3 Re8 15. Be3 a6 16. Rfd1 Qc7 17. a4 Rac8 18. Ne2 c5 19. f4 c4 20. fxe5 Qxe5 21. Bd4 cxd3 22. Qxd3 Qxe4 23. Qxe4 Nxe4 24. axb5 axb5 25. Rac1 f6 26. Rxc8 Rxc8 27. Nc3 b4 28. Nxe4 Bxe4 29. b3 Bd5 30. Bf2 Bxb3 31. Rb1 Bd5 32. Rxb4 Rc1+ 33. Kh2 Rc2 34. Kg1 Kf7 35. Rb5 Ke6 36. Rc5 Ra2 37. Rc7 Ra1+ 38. Kh2 Ra2 39. Kg1 Ra1+ 40. Kh2 Ra2 1/2-1/2

[Event "FIDE World Rapid-ch Open 2018"]
[White "Bazeev, German"]
[Black "Zhigalko, Sergei"]
[Site "St. Petersburg"]
[Round "11.17"]
[Annotator "ChessBase"]
[Result "0-1"]
[Date "2018.12.28"]
[WhiteElo "2416"]
[BlackElo "2604"]
[PlyCount "59"]
[TimeControl "900+10"]

1. d4 Nf6 2. Nf3 e6 3. c4 b6 4. Nc3 Bb4 5. Bg5 h6 6. Bd2 Bb7 7. Rc1 0-0 8. g4 Bxc3 9. bxc3 Ne4 10. Rg1 d6 11. g5 h5 12. g6 Qf6 13. Bg5 Nxg5 14. Nxg5 fxg6 15. f3 Nc6 16. e3 Rae8 17. Rc2 Nd8 18. Qd3 e5 19. d5 e4 20. fxe4 Nf7 21. Nxf7 Rxf7 22. Rcg2 Bc8 23. Be2 Qh4+ 24. Kd2 Rxe4 25. Rxg6 Bf5 26. R6g5 Rf4 27. e4 Bg4 28. Bxg4 Qxg5 29. h4 Qg6 30. Rh1 0-1

[Event "FIDE World Rapid-ch Open 2018"]
[White "Cheparinov, Ivan"]
[Black "Yakubboev, Nodirbek"]
[Site "St. Petersburg"]
[Round "11.18"]
[Annotator "ChessBase"]
[Result "1/2-1/2"]
[Date "2018.12.28"]
[WhiteElo "2709"]
[BlackElo "2556"]
[PlyCount "103"]
[TimeControl "900+10"]

1. Nf3 d5 2. d4 Nf6 3. c4 dxc4 4. e3 e6 5. Bxc4 c5 6. 0-0 a6 7. Nc3 Nc6 8. dxc5 Bxc5 9. Qxd8+ Kxd8 10. Ng5 b5 11. Be2 Ke7 12. Nge4 Nxe4 13. Nxe4 Bb6 14. a4 b4 15. Bd2 a5 16. Rac1 Ne5 17. Nc5 Nd7 18. Nb3 Bb7 19. Bb5 Rhc8 20. f3 Bd5 21. Rxc8 Rxc8 22. Rc1 Rxc1+ 23. Nxc1 Nc5 24. Kf1 f5 25. Ke2 Bc7 26. Be1 Be5 27. Bh4+ Kd6 28. Nd3 Nxd3 29. Kxd3 Bxb2 30. Bd8 Bf6 31. Bxa5 b3 32. Bb4+ Kc7 33. Ba3 Bc6 34. Bxc6 Kxc6 35. Bb4 g6 36. e4 fxe4+ 37. fxe4 h5 38. h3 Kb6 39. Kd2 Bb2 40. g4 hxg4 41. hxg4 Ka6 42. Kd3 Bf6 43. Kd2 Kb6 44. Kd3 Kc6 45. Kd2 Bd4 46. Kd3 Be5 47. Kd2 Kd7 48. Kd3 Kc6 49. Kd2 Kb7 50. Kd3 Ka6 51. Kd2 Kb6 52. Kd3 1/2-1/2

[Event "FIDE World Rapid-ch Open 2018"]
[White "Firouzja, Alireza"]
[Black "Motylev, Alexander"]
[Site "St. Petersburg"]
[Round "11.19"]
[Annotator "ChessBase"]
[Result "1-0"]
[Date "2018.12.28"]
[WhiteElo "2607"]
[BlackElo "2644"]
[PlyCount "117"]
[TimeControl "900+10"]

1. c4 Nf6 2. Nc3 e5 3. Nf3 Nc6 4. a3 g6 5. g3 d5 6. cxd5 Nxd5 7. Bg2 Nde7 8. b4 Bg7 9. Bb2 0-0 10. 0-0 h6 11. Rc1 Kh7 12. d3 Rb8 13. e3 a6 14. Qc2 Bg4 15. h3 Be6 16. Ne4 Bd5 17. Nc5 f5 18. e4 Bg8 19. Rfe1 f4 20. h4 Qc8 21. Kh2 b6 22. Nb3 Qd7 23. Red1 Be6 24. Nbd2 Bg4 25. Qc4 b5 26. Qc5 Qe6 27. Rf1 Rbd8 28. Qc2 Qd6 29. Nb3 Qxd3 30. Nc5 Qxc2 31. Rxc2 a5 32. bxa5 Nd4 33. Nxd4 exd4 34. Nd3 fxg3+ 35. Kxg3 Be6 36. Rxc7 Rf7 37. Rfc1 Bc4 38. R1xc4 bxc4 39. Rxc4 Rb8 40. a6 Ra8 41. Ra4 Rf6 42. a7 Rf7 43. h5 gxh5 44. f4 Ng6 45. e5 Raxa7 46. Rxd4 Ne7 47. Be4+ Kg8 48. Rd8+ Rf8 49. Rxf8+ Bxf8 50. f5 Nxf5+ 51. Bxf5 Bxa3 52. Bd4 Ra4 53. Be3 Kg7 54. Nf4 h4+ 55. Kg2 Bb2 56. Nh5+ Kh8 57. e6 Ra5 58. e7 Re5 59. Bc5 1-0

[Event "FIDE World Rapid-ch Open 2018"]
[White "Ragger, Markus"]
[Black "Grischuk, Alexander"]
[Site "St. Petersburg"]
[Round "11.20"]
[Annotator "ChessBase"]
[Result "1/2-1/2"]
[Date "2018.12.28"]
[WhiteElo "2687"]
[BlackElo "2771"]
[PlyCount "53"]
[TimeControl "900+10"]

1. e4 e5 2. Nf3 Nc6 3. Bc4 Bc5 4. c3 Nf6 5. d3 a6 6. a4 d6 7. 0-0 Ba7 8. Re1 h6 9. Nbd2 g5 10. b4 Nh5 11. Nb3 Qf6 12. Be3 Bxe3 13. fxe3 g4 14. Nfd2 Qg5 15. Qe2 0-0 16. Rf1 Kg7 17. b5 axb5 18. axb5 Rxa1 19. Nxa1 Ne7 20. Nc2 c6 21. bxc6 bxc6 22. Bb3 f5 23. exf5 Nxf5 24. e4 Ne7 25. Rxf8 Kxf8 26. Qf2+ Nf6 27. Ne3 1/2-1/2

[Event "FIDE World Rapid-ch Open 2018"]
[White "Sjugirov, Sanan"]
[Black "Antipov, Mikhail Al."]
[Site "St. Petersburg"]
[Round "11.21"]
[Annotator "ChessBase"]
[Result "0-1"]
[Date "2018.12.28"]
[WhiteElo "2663"]
[BlackElo "2589"]
[PlyCount "120"]
[TimeControl "900+10"]

1. d4 Nf6 2. c4 c6 3. Nf3 d5 4. Nc3 a6 5. cxd5 cxd5 6. Bf4 Nc6 7. Rc1 Bf5 8. e3 Qb6 9. Be2 Qxb2 10. 0-0 e6 11. Nh4 Bg6 12. Nxg6 hxg6 13. Na4 Qa3 14. Rc3 Qxa2 15. Bd3 Ne4 16. Rc1 Qd2 17. Nb6 Rd8 18. Bxe4 Qxd1 19. Rfxd1 dxe4 20. Bc7 Rd5 21. f3 exf3 22. Nxd5 exd5 23. gxf3 Kd7 24. Bg3 Bd6 25. e4 Rb8 26. Kg2 Ra8 27. Bxd6 Kxd6 28. Rc5 Ne7 29. Rb1 b5 30. Ra1 dxe4 31. fxe4 Nc6 32. e5+ Kd7 33. Rd5+ Ke7 34. Rc1 Nd8 35. Rc7+ Ke8 36. Rd6 a5 37. Rb6 Ne6 38. Rc1 Nxd4 39. Rb7 a4 40. Rcc7 Nf5 41. Rxb5 a3 42. Rb1 a2 43. Ra1 Ra3 44. Kf2 Nd4 45. Rc4 Nb3 46. Rc3 Ke7 47. Re3 Ke6 48. h4 Kd5 49. Kg3 Kc4 50. Kf4 Ra6 51. Rxa2 Rxa2 52. e6 fxe6 53. Rxe6 Rf2+ 54. Kg3 Rf6 55. Re7 Nd4 56. Kg4 Ne6 57. Rd7 Kc5 58. Kg3 Kc6 59. Rd1 Rf5 60. Kg4 Rd5 0-1

[Event "FIDE World Rapid-ch Open 2018"]
[White "Akopian, Vladimir"]
[Black "Inarkiev, Ernesto"]
[Site "St. Petersburg"]
[Round "11.22"]
[Annotator "ChessBase"]
[Result "1/2-1/2"]
[Date "2018.12.28"]
[WhiteElo "2650"]
[BlackElo "2693"]
[PlyCount "125"]
[TimeControl "900+10"]

1. e4 c5 2. Nf3 e6 3. b3 b6 4. Bb2 Bb7 5. Qe2 Nc6 6. g3 Nf6 7. Bg2 d6 8. 0-0 e5 9. Nc3 g6 10. Nd5 Bg7 11. c4 0-0 12. d3 Bc8 13. h3 Rb8 14. Nh2 b5 15. Rab1 bxc4 16. bxc4 Nxd5 17. exd5 Nd4 18. Bxd4 Rxb1 19. Rxb1 exd4 20. Qd2 Qc7 21. h4 Bf5 22. g4 Bd7 23. g5 Rb8 24. Rb3 Rxb3 25. axb3 Qb6 26. Qd1 Qb4 27. Bf3 h5 28. gxh6 Bxh6 29. Bg4 Be8 30. h5 f5 31. Bh3 gxh5 32. Bxf5 Qd2 33. Qf3 Qg5+ 34. Kf1 Kg7 35. Qh3 Qc1+ 36. Kg2 Qg5+ 37. Kf1 Qc1+ 38. Kg2 Qf4 39. Nf1 Bg5 40. Be4 Bh4 41. Ng3 Bxg3 42. fxg3 Qd2+ 43. Kg1 Qg5 44. Kh2 Qe5 45. Kg2 Bg6 46. Qd7+ Kh6 47. Bxg6 Kxg6 48. Kh3 a5 49. Qc8 Qf6 50. Qe8+ Kh6 51. Qe4 Kg7 52. Kg2 Qf7 53. Qh4 Kg6 54. g4 hxg4 55. Qxg4+ Kh7 56. Qh4+ Kg7 57. Qg4+ Kh6 58. Qh4+ Qh5 59. Kg3 Kg6 60. Qxh5+ Kxh5 61. Kf4 Kg6 62. Kg4 Kf6 63. Kf4 {[%emt 0:0:21]
 Ke5+ Ke4+} 1/2-1/2

[Event "FIDE World Rapid-ch Open 2018"]
[White "Amonatov, Farrukh"]
[Black "Sarana, Alexey"]
[Site "St. Petersburg"]
[Round "11.23"]
[Annotator "ChessBase"]
[Result "1-0"]
[Date "2018.12.28"]
[WhiteElo "2614"]
[BlackElo "2618"]
[PlyCount "57"]
[TimeControl "900+10"]

1. e4 c5 2. Nf3 d6 3. d4 cxd4 4. Nxd4 Nf6 5. Nc3 a6 6. f4 e5 7. Nf3 Qc7 8. Bd3 Be7 9. Qe2 Nbd7 10. g4 exf4 11. Bxf4 Ne5 12. g5 Nh5 13. Nd5 Qd8 14. Bxe5 dxe5 15. Nxe5 Nf4 16. Qf3 Nxd3+ 17. cxd3 Be6 18. 0-0-0 0-0 19. Kb1 Bxd5 20. exd5 Bd6 21. d4 Qxg5 22. Rhg1 Qe7 23. Nd7 Bxh2 24. Nf6+ Kh8 25. Rxg7 Kxg7 26. Qg4+ Kh6 27. Qh5+ Kg7 28. Qg5+ Kh8 29. Qh6 1-0

[Event "FIDE World Rapid-ch Open 2018"]
[White "Bocharov, Dmitry"]
[Black "Sakaev, Konstantin"]
[Site "St. Petersburg"]
[Round "11.24"]
[Annotator "ChessBase"]
[Result "0-1"]
[Date "2018.12.28"]
[WhiteElo "2533"]
[BlackElo "2584"]
[PlyCount "100"]
[TimeControl "900+10"]

1. e4 c5 2. Nf3 d6 3. d4 cxd4 4. Nxd4 Nf6 5. Nc3 a6 6. Nb3 g6 7. Be2 Bg7 8. g4 h6 9. Be3 Nbd7 10. f4 b5 11. Bf3 Bb7 12. a3 Rc8 13. 0-0 0-0 14. Qe2 Nb6 15. Rad1 Nc4 16. e5 Bxf3 17. Qxf3 Nxg4 18. Bd4 h5 19. exd6 Bxd4+ 20. Nxd4 Qxd6 21. Ne4 Qb6 22. f5 Nce3 23. h3 Nxd1 24. Rxd1 Nf6 25. fxg6 fxg6 26. Kh1 Nxe4 27. Qxe4 Rf6 28. c3 Rcf8 29. Rd2 Qd6 30. Kg2 R8f7 31. Re2 e5 32. Nc2 Qc6 33. Qxc6 Rxc6 34. Rxe5 Rcf6 35. Re2 Kh7 36. Nd4 Kh6 37. Kg3 g5 38. Kg2 h4 39. Nb3 Kh5 40. Nc5 Rc6 41. Nd3 Rd6 42. Nf2 Rf8 43. Ne4 Rd5 44. Nf2 Kg6 45. Ng4 Rd6 46. Ne5+ Kh5 47. Ng4 Rfd8 48. Re5 Rd2+ 49. Kf3 Rf8+ 50. Ke3 Rg2 0-1

[Event "FIDE World Rapid-ch Open 2018"]
[White "Paravyan, David"]
[Black "Fridman, Daniel"]
[Site "St. Petersburg"]
[Round "11.25"]
[Annotator "ChessBase"]
[Result "1-0"]
[Date "2018.12.28"]
[WhiteElo "2634"]
[BlackElo "2633"]
[PlyCount "143"]
[TimeControl "900+10"]

1. d4 d5 2. c4 e6 3. Nf3 Nf6 4. g3 dxc4 5. Bg2 c5 6. 0-0 Nc6 7. Nbd2 cxd4 8. Nxc4 Bc5 9. a3 a5 10. b3 0-0 11. Bb2 Qc7 12. Nxd4 Rd8 13. Nb5 Qe7 14. Qc1 e5 15. Qc3 e4 16. Rac1 Bg4 17. Ne5 Qxe5 18. Qxe5 Nxe5 19. Rxc5 Nc6 20. Re1 Rd2 21. Bxf6 gxf6 22. Nc3 Kg7 23. Bxe4 Nd4 24. f3 Nxb3 25. Rc7 Rc8 26. Rxc8 Bxc8 27. Kf2 Nc5 28. Rb1 f5 29. Bd5 Rc2 30. Nd1 Be6 31. Ne3 Rc3 32. Rb5 b6 33. Rxb6 Rxa3 34. Rb5 Nb3 35. Bxb3 Bxb3 36. Nxf5+ Kf6 37. Nd4 a4 38. f4 Bc4 39. Rb6+ Ke7 40. Nc6+ Kf8 41. Ne5 Bd5 42. f5 Kg7 43. Rd6 Bb3 44. g4 f6 45. Rd7+ Kf8 46. Nd3 Bc4 47. Nf4 Ra1 48. Rc7 Bb3 49. Ne6+ Ke8 50. Nd4 Bd5 51. Rc5 Bf7 52. Ra5 a3 53. Nc2 Rh1 54. Kg2 Rd1 55. Rxa3 Rd2 56. Re3+ Kf8 57. Ne1 h5 58. Nf3 Rd5 59. h3 hxg4 60. hxg4 Ra5 61. Kg3 Ra2 62. Nd4 Ra1 63. Ne6+ Kg8 64. Re4 Rg1+ 65. Kf2 Rh1 66. Nc7 Kf8 67. Ne6+ Kg8 68. Nf4 Kf8 69. Rb4 Rd1 70. Rb8+ Ke7 71. Ng6+ Kd7 72. Rb7+ 1-0